[Event "Titled Tuesday Blitz October 31 Late 2023"]
[White "Figorito, Nick"]
[Black "Osmak, Yuliia"]
[WhiteFideId "30923689"]
[BlackFideId "14101602"]
[WhiteElo "2446"]
[BlackElo "2521"]
[Result "1-0"]
[Round "10"]
[TimeControl "180+1"]
[Date "2023.10.31"]
[WhiteClock "0:00:10"]
[BlackClock "0:00:00"]
[Board "60"]

1. Nf3 c5 2. g3 Nc6 3. d4 cxd4 4. Nxd4 e5 5. Nxc6 bxc6 6. Bg2 d5 7. c4 Be6 8. Nc3 Bb4 9. cxd5 Bxc3+ 10. bxc3 Bxd5 11. O-O Ne7 12. Ba3 Bxg2 13. Kxg2 Qd5+ 14. Kg1 h5 15. Bxe7 Kxe7 16. h4 Rhd8 17. e3 g6 18. Qc2 Qd3 19. Qa4 Qb5 20. Qxb5 cxb5 21. a4 bxa4 22. Rxa4 a5 23. Rb1 Rd5 24. Rb6 Rc8 25. c4 Rdc5 26. Rb5 Rxb5 27. cxb5 Ra8 28. b6 Kd6 29. b7 Rb8 30. Rxa5 Rxb7 31. Kg2 Ke6 32. Ra6+ Kf5 33. Rc6 f6 34. Ra6 Rb2 35. Rc6 e4 36. Ra6 g5 37. hxg5 fxg5 38. Ra5+ Kg4 39. Re5 Rb4 40. Re8 h4 41. gxh4 gxh4 42. Rg8+ Kf5 43. Kh3 Rb1 44. Rf8+ Kg5 45. Rf4 Rh1+ 46. Kg2 Rb1 47. Rxe4 Rb2 48. Rf4 Ra2 49. Kh3 Rb2 50. Rg4+ Kf5 51. Rf4+ Kg5 52. Kg2 1-0


[Site "https://www.chess.com"]

[Event "Titled Tuesday Blitz October 31 Late 2023"]
[White "D`Arruda, Ricardo D."]
[Black "Lopez Idarraga, Daniel Eduardo"]
[WhiteFideId "100692"]
[BlackFideId "4405501"]
[WhiteElo "2512"]
[BlackElo "2417"]
[Result "1-0"]
[Round "10"]
[TimeControl "180+1"]
[Date "2023.10.31"]
[WhiteClock "0:02:05"]
[BlackClock "0:02:09"]
[Board "61"]

1. d4 d5 2. Nf3 Nf6 3. c4 c6 4. Nc3 a6 5. e3 Bf5 6. b3 e6 7. Bd3 Bb4 8. Bb2 Qa5 9. Qd2 Bxd3 10. Qxd3 Ne4 11. Rc1 Qxa2 12. Qc2 Bxc3+ 13. Bxc3 Qxc2 14. Rxc2 Nxc3 15. Rxc3 Nd7 16. Ke2 Ke7 17. Ra1 Rhc8 18. c5 b5 19. b4 f6 20. Rca3 Nb8 21. Nd2 Ra7 22. f4 Kf7 23. Nf3 Re7 24. g4 Rce8 25. h4 g6 26. g5 f5 27. Ne5+ Kg7 28. h5 Rc7 29. Rh1 Ra7 30. hxg6 hxg6 31. Rh6 1-0


[Site "https://www.chess.com"]

[Event "Titled Tuesday Blitz October 31 Late 2023"]
[White "UK_23"]
[Black "Reprintsev, Alexander"]
[BlackFideId "14100541"]
[WhiteElo "2397"]
[BlackElo "2508"]
[Result "1-0"]
[Round "10"]
[TimeControl "180+1"]
[Date "2023.10.31"]
[WhiteClock "0:00:07"]
[BlackClock "0:00:25"]
[Board "62"]

1. e4 d5 2. exd5 Qxd5 3. Nc3 Qd6 4. d4 c6 5. Nf3 Bf5 6. g3 e6 7. Bg2 Nf6 8. O-O Nbd7 9. Bf4 Qb4 10. Nh4 Bg4 11. Qd2 Be7 12. h3 Bh5 13. a3 Qb6 14. g4 Bg6 15. Nxg6 hxg6 16. Rfe1 Rd8 17. Qd3 a5 18. Rad1 Qa7 19. a4 Bb4 20. Rxe6+ fxe6 21. Qxg6+ Kf8 22. g5 Nd5 23. Nxd5 cxd5 24. Qxe6 Nb6 25. Bc7 Re8 26. Qf5+ Kg8 27. g6 Re7 28. Bxb6 1-0


[Site "https://www.chess.com"]

[Event "Titled Tuesday Blitz October 31 Late 2023"]
[White "Florianovitz, Derlei Alex"]
[Black "Estrada Nieto, Julian"]
[WhiteFideId "2114178"]
[BlackFideId "5101018"]
[WhiteElo "2292"]
[BlackElo "2499"]
[Result "0-1"]
[Round "10"]
[TimeControl "180+1"]
[Date "2023.10.31"]
[WhiteClock "0:00:00"]
[BlackClock "0:00:12"]
[Board "63"]

1. e4 e5 2. Nf3 Nc6 3. Bb5 a6 4. Ba4 Nf6 5. O-O Be7 6. Re1 b5 7. Bb3 d6 8. c3 O-O 9. h3 Bb7 10. d4 Re8 11. Ng5 Rf8 12. Nf3 h6 13. Nbd2 Re8 14. d5 Nb8 15. Nf1 c6 16. dxc6 Bxc6 17. Ng3 Bf8 18. Nf5 a5 19. Bc2 Kh7 20. g4 g6 21. Ng3 Nbd7 22. Kg2 Nc5 23. g5 Ng8 24. gxh6 Bxh6 25. Bxh6 Nxh6 26. Qd2 Ne6 27. Rad1 Nf4+ 28. Kh2 Re6 29. Ne2 Rf6 30. Nxe5 Nxe2 31. Qxe2 Qc8 32. Nxc6 Qxc6 33. Rd5 Qb6 34. Kg2 b4 35. c4 Re8 36. b3 Re5 37. Rxe5 dxe5 38. Rd1 Rf4 39. Rd5 Qf6 40. c5 Qg5+ 41. Kf1 Qh4 0-1


[Site "https://www.chess.com"]

[Event "Titled Tuesday Blitz October 31 Late 2023"]
[White "Hambleton, Aman"]
[Black "Santos Flores, Alberto"]
[WhiteFideId "2606577"]
[BlackFideId "3601234"]
[WhiteElo "2751"]
[BlackElo "2492"]
[Result "1-0"]
[Round "10"]
[TimeControl "180+1"]
[Date "2023.10.31"]
[WhiteClock "0:00:05"]
[BlackClock "0:00:20"]
[Board "64"]

1. d4 Nf6 2. Bf4 d5 3. e3 c5 4. c3 Nc6 5. Nd2 Qb6 6. Qb3 c4 7. Qxb6 axb6 8. a3 Bf5 9. Ngf3 b5 10. Rc1 h6 11. Ne5 e6 12. Be2 Be7 13. O-O Nxe5 14. Bxe5 O-O 15. Bxf6 Bxf6 16. Bf3 Bg6 17. g3 Rad8 18. h4 e5 19. dxe5 Bxe5 20. Be2 Be4 21. Rfd1 Rfe8 22. Bf3 Bd3 23. Bg2 Bf6 24. Nf3 Kf8 25. Rd2 Ke7 26. Rcd1 g5 27. hxg5 hxg5 28. Ne1 Be4 29. f3 Bg6 30. Rxd5 Kf8 31. Kf2 Bd3 32. Rxd8 Rxd8 33. Nxd3 Rxd3 34. Rxd3 cxd3 35. Bf1 d2 36. Ke2 Be5 37. f4 gxf4 38. exf4 Bd6 39. Kxd2 b4 40. axb4 Ke7 41. Bg2 b6 42. Ke3 f5 43. Bh3 Kf6 44. Bf1 Bc7 45. Kd4 Bd8 46. Kd5 Be7 47. Be2 Bd8 48. Kc6 Ke6 49. Bf3 Ke7 50. c4 Ke6 51. c5 bxc5 52. bxc5 Ba5 53. Kb5 Be1 54. g4 Bg3 55. gxf5+ Kxf5 56. b4 Bxf4 57. Kc6 Ke6 58. b5 Ke7 59. Bg4 Kd8 60. b6 Be3 61. Kb5 Bf4 62. c6 Bg3 63. Ka6 Be5 64. Kb7 1-0


[Site "https://www.chess.com"]

[Event "Titled Tuesday Blitz October 31 Late 2023"]
[White "Osmonbekov, Talaibek"]
[Black "Tokhirjonova, Gulrukhbegim"]
[WhiteFideId "2017253"]
[BlackFideId "14203626"]
[WhiteElo "2277"]
[BlackElo "2661"]
[Result "1-0"]
[Round "10"]
[TimeControl "180+1"]
[Date "2023.10.31"]
[WhiteClock "0:00:10"]
[BlackClock "0:00:01"]
[Board "65"]

1. d4 e6 2. Nc3 b6 3. e4 Bb7 4. Bf4 d6 5. Qd2 Nd7 6. O-O-O Ngf6 7. f3 Be7 8. g4 h6 9. h4 a6 10. Kb1 b5 11. Nce2 Nb6 12. Ng3 Nfd7 13. Qh2 e5 14. dxe5 dxe5 15. Bxe5 Bf6 16. Bxf6 Qxf6 17. Nh5 Qg6 18. Qxc7 Bxe4 19. fxe4 Qxe4 20. Rh2 O-O 21. Qg3 Rac8 22. g5 hxg5 23. Qxg5 g6 24. Bd3 Qe5 25. Qxe5 Nxe5 26. Ng3 Rfd8 27. h5 Ng4 28. Re2 Nc4 29. hxg6 fxg6 30. Nf3 Nce3 31. Rde1 Nd5 32. Bxg6 Kg7 33. Bd3 Nf4 34. Re7+ Kf8 35. Ng5 Nxd3 36. cxd3 Rxd3 37. Nf5 Rc5 38. Re8# 1-0


[Site "https://www.chess.com"]

[Event "Titled Tuesday Blitz October 31 Late 2023"]
[White "Polaczek, Richard"]
[Black "Al-Tarboush, Ward"]
[WhiteFideId "200026"]
[BlackFideId "7601450"]
[WhiteElo "2433"]
[BlackElo "2636"]
[Result "1-0"]
[Round "10"]
[TimeControl "180+1"]
[Date "2023.10.31"]
[WhiteClock "0:00:33"]
[BlackClock "0:00:39"]
[Board "66"]

1. d4 d5 2. c4 c6 3. Nc3 Nf6 4. cxd5 cxd5 5. Bf4 Nc6 6. e3 Bg4 7. f3 Bd7 8. Bd3 e6 9. g4 Be7 10. Nge2 a6 11. h4 b5 12. Rc1 Rc8 13. Kf2 Na5 14. b3 Ba3 15. Rc2 Qe7 16. Ng3 b4 17. Nce2 O-O 18. g5 Ne8 19. Rxc8 Bxc8 20. Qc2 Bb7 21. Bxh7+ Kh8 22. Bd3 Nd6 23. h5 Nac4 24. Qd1 Nb2 25. Qd2 Nxd3+ 26. Qxd3 a5 27. h6 g6 28. h7 Ne8 29. Be5+ Ng7 30. Qd1 Bb2 31. f4 f6 32. gxf6 Rxf6 33. Bxf6 Qxf6 34. Qc2 Bc3 35. Nxc3 bxc3 36. Qxc3 g5 37. Qc7 Ne8 38. Qb8 Qf7 39. Qe5+ Ng7 40. Nh5 Kxh7 41. Nf6+ Kg6 42. Qxg5# 1-0


[Site "https://www.chess.com"]

[Event "Titled Tuesday Blitz October 31 Late 2023"]
[White "Olsen, Filip Boe"]
[Black "Devagharan, Devina"]
[WhiteFideId "1440640"]
[BlackFideId "2061600"]
[WhiteElo "2628"]
[BlackElo "2433"]
[Result "1/2-1/2"]
[Round "10"]
[TimeControl "180+1"]
[Date "2023.10.31"]
[WhiteClock "0:00:31"]
[BlackClock "0:00:06"]
[Board "67"]

1. e4 c5 2. e5 d5 3. c3 Nc6 4. Nf3 Bf5 5. Bb5 e6 6. O-O Ne7 7. d4 a6 8. Bd3 Bxd3 9. Qxd3 Nf5 10. Nbd2 Be7 11. g4 Nh4 12. Nxh4 Bxh4 13. f4 Be7 14. Nf3 h5 15. h3 hxg4 16. hxg4 g6 17. Be3 b6 18. Kg2 c4 19. Qc2 Qc7 20. Rh1 O-O-O 21. Rxh8 Rxh8 22. Rh1 Qd8 23. Rxh8 Qxh8 24. f5 gxf5 25. gxf5 Qh7 26. Qa4 Kb7 27. f6 Bf8 28. Qd1 Bh6 29. Bxh6 Qxh6 30. Qd2 Qg6+ 31. Qg5 Qc2+ 32. Qd2 Qg6+ 33. Kf2 b5 34. Ne1 Qg4 35. Qe2 Qf4+ 36. Qf3 Qd2+ 37. Qe2 Qf4+ 38. Nf3 b4 39. Qe3 Qg4 40. Qd2 a5 41. a3 bxc3 42. bxc3 Qh3 43. Ng5 Qh2+ 44. Ke1 Qg1+ 45. Ke2 Qg2+ 46. Kd1 Qf1+ 47. Kc2 Qf5+ 48. Kc1 Qg6 49. Nf3 a4 50. Qc2 Qh6+ 51. Kb2 Na5 52. Qxa4 Nb3 53. Qb5+ Ka7 54. Qd7+ Kb6 55. Qd6+ Kb7 56. Qd7+ Kb6 57. Qd6+ Kb7 58. Qd7+ Kb6 1/2-1/2


[Site "https://www.chess.com"]

[Event "Titled Tuesday Blitz October 31 Late 2023"]
[White "Spichkin, Alexander"]
[Black "Souleidis, Georgios"]
[WhiteFideId "4144074"]
[BlackFideId "4206827"]
[WhiteElo "2429"]
[BlackElo "2578"]
[Result "1/2-1/2"]
[Round "10"]
[TimeControl "180+1"]
[Date "2023.10.31"]
[WhiteClock "0:01:04"]
[BlackClock "0:00:20"]
[Board "68"]

1. f4 d5 2. Nf3 Nf6 3. e3 g6 4. Be2 Bg7 5. O-O O-O 6. d3 b6 7. a4 a5 8. Qe1 Na6 9. Qh4 Nb4 10. Na3 h6 11. Ne5 Nd7 12. c3 Nxe5 13. fxe5 Na6 14. d4 c6 15. Bf3 Nc7 16. e4 g5 17. Qg3 Be6 18. h4 f6 19. Bg4 dxe4 20. Bxe6+ Nxe6 21. Nc4 b5 22. axb5 cxb5 23. Qg4 f5 24. Rxf5 bxc4 25. hxg5 Rxf5 26. Qxf5 Nxg5 27. Bxg5 hxg5 28. Qe6+ Kh7 29. Qf5+ Kh8 30. Qh3+ Kg8 31. Qe6+ Kh7 32. Qh3+ Kg8 33. Qe6+ 1/2-1/2


[Site "https://www.chess.com"]

[Event "Titled Tuesday Blitz October 31 Late 2023"]
[White "szachmistrz2500"]
[Black "Kochiev, Ivan"]
[BlackFideId "2917890"]
[WhiteElo "2425"]
[BlackElo "2566"]
[Result "1-0"]
[Round "10"]
[TimeControl "180+1"]
[Date "2023.10.31"]
[WhiteClock "0:01:27"]
[BlackClock "0:01:14"]
[Board "69"]

1. Nf3 Nf6 2. g3 b6 3. Bg2 Bb7 4. d3 c5 5. e4 d5 6. e5 Nfd7 7. e6 fxe6 8. Qe2 Nc6 9. Qxe6 Nf6 10. Ng5 Qd6 11. Qf7+ Kd8 12. Ne6+ Kd7 13. Bh3 Nd8 14. Nxf8+ Kc7 15. Ne6+ Kc6 16. Nxd8+ Raxd8 17. Qe6 Qxe6+ 18. Bxe6 Rd6 19. Bh3 e5 20. O-O h5 21. Bg5 Ng4 22. Nc3 Rg6 23. Bd2 h4 24. Bg2 Nf6 25. Nxd5 Nxd5 26. c4 1-0


[Site "https://www.chess.com"]

[Event "Titled Tuesday Blitz October 31 Late 2023"]
[White "Tifferet, Shaked"]
[Black "Gabdushev, Ruslan"]
[WhiteFideId "2811529"]
[BlackFideId "4137833"]
[WhiteElo "2554"]
[BlackElo "2420"]
[Result "0-1"]
[Round "10"]
[TimeControl "180+1"]
[Date "2023.10.31"]
[WhiteClock "0:00:39"]
[BlackClock "0:00:02"]
[Board "70"]

1. e4 Nc6 2. c4 e5 3. Ne2 Bc5 4. d3 d6 5. g3 h5 6. h4 f5 7. Bg2 Nf6 8. Nbc3 fxe4 9. Nxe4 Nxe4 10. Bxe4 O-O 11. f4 Bg4 12. Qa4 Nd4 13. Nxd4 Bxd4 14. Bxb7 Rb8 15. Bd5+ Kh8 16. Qc2 Qe8 17. Be4 c6 18. Kf1 exf4 19. gxf4 Qd7 20. Kg2 d5 21. Bg6 Rf6 22. f5 Qe7 23. Bg5 Rxb2 24. Qxb2 Bxb2 25. Rhe1 Be2 26. Rab1 Rxg6 27. fxg6 Qe5 28. Rf1 Bxf1+ 29. Rxf1 Ba3 30. Rb1 Qe2+ 31. Kh1 Qe8 32. cxd5 cxd5 33. Rb3 Bc5 34. Bf4 Qxg6 35. Rb8+ Kh7 36. Rd8 Qg1# 0-1


[Site "https://www.chess.com"]

[Event "Titled Tuesday Blitz October 31 Late 2023"]
[White "Martin Carmona, Gaston Manuel"]
[Black "Hoffmann, Asa"]
[WhiteFideId "22284567"]
[BlackFideId "2001470"]
[WhiteElo "2553"]
[BlackElo "2415"]
[Result "0-1"]
[Round "10"]
[TimeControl "180+1"]
[Date "2023.10.31"]
[WhiteClock "0:00:04"]
[BlackClock "0:00:39"]
[Board "71"]

1. Nf3 d6 2. d4 Bg4 3. e4 Nf6 4. h3 Bh5 5. Qe2 c6 6. Nc3 e6 7. g4 Bg6 8. Bg2 d5 9. e5 Ne4 10. O-O Be7 11. Nd1 c5 12. c3 Nc6 13. Be3 Qb6 14. Ne1 cxd4 15. cxd4 O-O 16. f3 Ng3 17. Qf2 Nxf1 18. Bxf1 f6 19. f4 fxe5 20. dxe5 d4 21. Bd2 Nxe5 22. Rc1 Nc6 23. Bd3 e5 24. f5 Bf7 25. Qe2 Bd5 26. b3 Rae8 27. Nf2 Bh4 28. Ne4 Nb4 29. Bxb4 Qxb4 30. Nf3 Bd8 31. Kh2 Qe7 32. h4 Bb6 33. Kh3 Rc8 34. Re1 Rfe8 35. g5 Bxe4 36. Qxe4 Rc3 37. Kg3 Rxd3 38. Qxd3 e4 39. Qc4+ Qf7 40. Nd2 e3 41. Qxf7+ Kxf7 42. Nc4 Bc7+ 43. Kf3 b5 44. Nb2 Re5 45. Nd3 Rxf5+ 46. Ke4 g6 47. h5 Ke6 48. hxg6 hxg6 49. Rc1 Bb6 50. Rc6+ Kf7 51. Rd6 e2 52. Ne1 Rf1 53. Rf6+ Rxf6 54. gxf6 Kxf6 55. Kd3 Ke5 56. Kxe2 Ke4 57. Nf3 d3+ 0-1


[Site "https://www.chess.com"]

[Event "Titled Tuesday Blitz October 31 Late 2023"]
[White "Gerbelli Neto, Eduardo"]
[Black "Golubev, Mikhail"]
[WhiteFideId "2103281"]
[BlackFideId "14100983"]
[WhiteElo "2407"]
[BlackElo "2525"]
[Result "0-1"]
[Round "10"]
[TimeControl "180+1"]
[Date "2023.10.31"]
[WhiteClock "0:00:04"]
[BlackClock "0:00:04"]
[Board "72"]

1. e4 c5 2. Nc3 g6 3. f4 Bg7 4. Nf3 Nc6 5. Bc4 e6 6. f5 Nge7 7. fxe6 fxe6 8. d3 d5 9. Bb3 b5 10. O-O c4 11. dxc4 dxc4 12. Qxd8+ Kxd8 13. Nxb5 cxb3 14. Rd1+ Bd7 15. axb3 h6 16. Be3 Nc8 17. c3 Rf8 18. Nfd4 Nxd4 19. Bxd4 Bxd4+ 20. Rxd4 a6 21. Rad1 Rf7 22. Nd6 Nxd6 23. Rxd6 Kc7 24. c4 a5 25. R6d3 Bc6 26. e5 Raf8 27. R3d2 Rf5 28. Re2 Rb8 29. Rd3 h5 30. h3 h4 31. Rd6 Rxb3 32. Rxe6 Rg5 33. Re7+ Kd8 34. Rf7 Rbg3 35. Rd2+ Ke8 36. Rff2 Ke7 37. Kh2 a4 38. e6 Kxe6 39. Rfe2+ Kf7 40. Rf2+ Kg7 41. Rfe2 Kh6 42. Rf2 Rc5 43. Rd4 Kg5 44. Kg1 Rb3 45. Re2 Rb4 46. Rc2 Kh5 47. Rg4 g5 48. Kf2 Rb3 49. g3 Ba8 50. gxh4 Rf5+ 51. Ke1 gxh4 52. Rd4 Re3+ 53. Re2 Rxe2+ 54. Kxe2 Bf3+ 55. Ke3 Bg2 56. Rf4 Rxf4 57. Kxf4 Bxh3 58. c5 Bd7 0-1


[Site "https://www.chess.com"]

[Event "Titled Tuesday Blitz October 31 Late 2023"]
[White "HeroRubiksCube"]
[Black "Dmitrenko, Viktor"]
[BlackFideId "14110270"]
[WhiteElo "2496"]
[BlackElo "2380"]
[Result "1/2-1/2"]
[Round "10"]
[TimeControl "180+1"]
[Date "2023.10.31"]
[WhiteClock "0:00:08"]
[BlackClock "0:00:09"]
[Board "73"]

1. e4 e6 2. d3 d5 3. Nd2 Nf6 4. g3 g6 5. Bg2 Bg7 6. Ngf3 O-O 7. O-O c5 8. Re1 Nc6 9. c3 b6 10. Qe2 Ba6 11. exd5 Nxd5 12. Nf1 Nde7 13. Rd1 Qd7 14. Be3 Rad8 15. c4 Nf5 16. a3 Ncd4 17. Bxd4 Nxd4 18. Nxd4 Qxd4 19. Rab1 b5 20. b3 Rd6 21. Ne3 Rfd8 22. a4 b4 23. Be4 R6d7 24. Nc2 Qc3 25. Ne1 h6 26. Rdc1 Qe5 27. Nf3 Qh5 28. Rd1 Rd6 29. d4 cxd4 30. Bd3 Bb7 31. Kg2 g5 32. h3 g4 33. hxg4 Qxg4 34. Rh1 e5 35. Rh4 Qc8 36. Kg1 Re8 37. Nd2 f5 38. c5 Qxc5 39. Bc4+ Kh8 40. Qh5 Qc6 41. f3 Rf8 42. Kf2 Qe8 43. Qxe8 Rxe8 44. Re1 Red8 45. g4 e4 46. fxe4 fxe4 47. Nxe4 Rf8+ 48. Kg3 Rg6 49. Nc5 Rf3+ 50. Kh2 Bc6 51. Ne6 Rf2+ 52. Kg3 Rg2+ 53. Kh3 Rf2 54. Rf1 Bg2+ 55. Kg3 Rxf1 56. Kxg2 Rc1 57. Rh3 Rxe6 58. Bxe6 Rc3 59. Bc4 Rxh3 60. Kxh3 Bf6 61. Kg2 Bg5 62. Kf3 Kg7 63. Ke4 Be3 64. Kf5 Bf2 65. Bd3 Be3 66. Bc4 Bf2 67. Bd3 Be3 68. Bc4 1/2-1/2


[Site "https://www.chess.com"]

[Event "Titled Tuesday Blitz October 31 Late 2023"]
[White "Czerw, Dawid"]
[Black "Shapiro, Daniel"]
[WhiteFideId "1145746"]
[BlackFideId "2001780"]
[WhiteElo "2482"]
[BlackElo "2337"]
[Result "1/2-1/2"]
[Round "10"]
[TimeControl "180+1"]
[Date "2023.10.31"]
[WhiteClock "0:00:24"]
[BlackClock "0:00:05"]
[Board "74"]

1. d4 Nf6 2. c4 e6 3. Nc3 Bb4 4. f3 c5 5. a3 Bxc3+ 6. bxc3 Qa5 7. Bd2 d6 8. e4 e5 9. Bd3 Nc6 10. d5 Ne7 11. Ne2 O-O 12. O-O Ne8 13. g4 Qd8 14. h4 g6 15. Ng3 Kh8 16. h5 f5 17. hxg6 hxg6 18. exf5 gxf5 19. Bg5 Nf6 20. Kg2 e4 21. fxe4 Nxg4 22. Rh1+ Kg8 23. exf5 Nxf5 24. Rh8+ Kg7 25. Nxf5+ Bxf5 26. Rxf8 Qxg5 27. Rxf5 Ne3+ 28. Kf3 Nxf5 29. Qg1 Nh4+ 30. Ke2 Re8+ 31. Kf2 Rf8+ 32. Ke2 Re8+ 33. Kf2 Rf8+ 34. Ke2 Re8+ 1/2-1/2


[Site "https://www.chess.com"]

[Event "Titled Tuesday Blitz October 31 Late 2023"]
[White "Szente Varga, Fruzsina"]
[Black "Mystery2007"]
[WhiteFideId "712264"]
[WhiteElo "2328"]
[BlackElo "2479"]
[Result "0-1"]
[Round "10"]
[TimeControl "180+1"]
[Date "2023.10.31"]
[WhiteClock "0:00:05"]
[BlackClock "0:00:11"]
[Board "75"]

1. e4 a6 2. d4 e6 3. Nc3 b5 4. f3 Bb7 5. Be3 Nf6 6. Qd2 d5 7. Bd3 b4 8. Nce2 dxe4 9. fxe4 Nxe4 10. Bxe4 Bxe4 11. Nf3 Nd7 12. O-O Bd6 13. Ng5 Bg6 14. Bf4 O-O 15. Ng3 h6 16. N5e4 Be7 17. Rf3 Nf6 18. Nxf6+ Bxf6 19. Rd1 Qd5 20. Qxb4 Bxc2 21. Rd2 Be4 22. Nxe4 Qxe4 23. Bxh6 c5 24. Qa5 Bxd4+ 25. Rxd4 Qxd4+ 26. Be3 Qxb2 27. Qxc5 Rac8 28. Qh5 Qb1+ 29. Rf1 Qg6 30. Qf3 Rc2 31. a4 Ra2 32. Bc5 Rc8 33. Bf2 Rxa4 34. Qb7 Rac4 35. Qxa6 Rc1 36. h3 Rxf1+ 37. Qxf1 Qc2 38. Kh2 Qf5 39. Qe1 Rc2 40. Kg1 Kh7 41. Qe3 Rc4 42. Qg3 Re4 43. Kh2 Qf4 44. Qxf4 Rxf4 45. Kg3 Rc4 46. Be3 Kg6 47. Kf3 Kf5 48. g4+ Kg6 49. h4 f5 50. h5+ Kh7 51. g5 Rh4 52. h6 gxh6 53. gxh6 Rxh6 54. Bxh6 Kxh6 0-1


[Site "https://www.chess.com"]

[Event "Titled Tuesday Blitz October 31 Late 2023"]
[White "Slavin, Alexey"]
[Black "iJueles"]
[WhiteFideId "24104388"]
[WhiteElo "2278"]
[BlackElo "2449"]
[Result "0-1"]
[Round "10"]
[TimeControl "180+1"]
[Date "2023.10.31"]
[WhiteClock "0:00:48"]
[BlackClock "0:00:27"]
[Board "76"]

1. e4 c6 2. d4 d5 3. e5 Bf5 4. Nf3 e6 5. Be2 Nd7 6. O-O a5 7. c3 a4 8. a3 b5 9. Nbd2 h6 10. h4 Ne7 11. h5 Nb6 12. Nh4 Bh7 13. g4 g5 14. Ng2 Bg7 15. b3 axb3 16. Nxb3 Na4 17. Bd2 Qc7 18. Qc1 f6 19. exf6 Bxf6 20. f4 Rg8 21. Nc5 Nxc5 22. dxc5 Be4 23. fxg5 Bxg5 24. Nf4 Qe5 25. Nd3 Qg3# 0-1


[Site "https://www.chess.com"]

[Event "Titled Tuesday Blitz October 31 Late 2023"]
[White "Friedland, Moshe"]
[Black "Quirke, Jeffrey"]
[WhiteFideId "2812843"]
[BlackFideId "2013029"]
[WhiteElo "2448"]
[BlackElo "2254"]
[Result "1-0"]
[Round "10"]
[TimeControl "180+1"]
[Date "2023.10.31"]
[WhiteClock "0:00:22"]
[BlackClock "0:00:19"]
[Board "77"]

1. a3 g6 2. Nf3 Bg7 3. d4 d6 4. c3 Nd7 5. Bg5 h6 6. Bh4 g5 7. Bg3 Ngf6 8. Nbd2 Nh5 9. e4 b6 10. Bd3 Bb7 11. O-O Nxg3 12. fxg3 O-O 13. h4 g4 14. Ne1 h5 15. Nc2 e6 16. Qe2 Qe7 17. Ne3 c5 18. d5 Ne5 19. Bc2 a5 20. dxe6 fxe6 21. Ndc4 Ba6 22. a4 Rad8 23. Rad1 Rxf1+ 24. Qxf1 d5 25. exd5 exd5 26. Qf5 Nxc4 27. Qh7+ Kf8 28. Nf5 Qf6 29. Nxg7 Ne3 30. Nxh5 Qf7 31. Qh6+ Ke7 32. Qxe3+ 1-0


[Site "https://www.chess.com"]

[Event "Titled Tuesday Blitz October 31 Late 2023"]
[White "Curtis, John"]
[Black "Jovic, Stanoje"]
[WhiteFideId "3200256"]
[BlackFideId "905020"]
[WhiteElo "2188"]
[BlackElo "2435"]
[Result "0-1"]
[Round "10"]
[TimeControl "180+1"]
[Date "2023.10.31"]
[WhiteClock "0:00:35"]
[BlackClock "0:00:16"]
[Board "78"]

1. d4 Nf6 2. c4 e6 3. Nf3 d5 4. Nc3 Bb4 5. Qa4+ Nc6 6. cxd5 exd5 7. Bg5 O-O 8. Rc1 h6 9. Bxf6 Qxf6 10. e3 Bd7 11. Bb5 a6 12. Bxc6 Bxc3+ 13. Rxc3 Bxc6 14. Qc2 Rae8 15. O-O g5 16. Ne5 Rxe5 17. dxe5 Qxe5 18. Rd1 Kg7 19. Qd2 f6 20. Qd4 Qe6 21. Rdc1 Rd8 22. b4 h5 23. a4 Rd7 24. b5 axb5 25. axb5 Bxb5 26. Rxc7 Bc6 27. Rxd7+ Qxd7 28. Qc5 h4 29. Rd1 h3 30. f3 hxg2 31. Qd4 Qh3 32. Kf2 Qxh2 33. Rg1 Qe5 34. Rxg2 Qxd4 35. exd4 Kg6 36. f4 Kf5 37. fxg5 fxg5 38. Ke3 g4 39. Rf2+ Kg5 40. Rg2 Bb5 41. Rg1 Bc4 42. Rg2 b5 43. Rf2 b4 44. Rf8 b3 45. Rb8 Kf5 46. Rf8+ Kg5 47. Rb8 Kh4 48. Kf4 Kh3 49. Rh8+ Kg2 50. Kxg4 Kf2 51. Kf4 Ke2 52. Rh2+ Kd3 53. Ke5 Kc3 54. Rh3+ Kb2 55. Rh2+ Ka1 56. Rh1+ Ka2 57. Rh2+ b2 58. Kd6 Ka1 59. Rxb2 Kxb2 60. Kc5 Kc3 0-1


[Site "https://www.chess.com"]

[Event "Titled Tuesday Blitz October 31 Late 2023"]
[White "Zakarian, David"]
[Black "Djordjevic, Dejan N"]
[WhiteFideId "13301276"]
[BlackFideId "913316"]
[WhiteElo "2434"]
[BlackElo "2068"]
[Result "1/2-1/2"]
[Round "10"]
[TimeControl "180+1"]
[Date "2023.10.31"]
[WhiteClock "0:00:08"]
[BlackClock "0:00:45"]
[Board "79"]

1. Nf3 d5 2. e3 Bf5 3. b3 e6 4. Bb2 Nf6 5. Bd3 Bg6 6. Qe2 Nbd7 7. Bxg6 hxg6 8. c4 c6 9. h3 a5 10. Nc3 Bb4 11. O-O O-O 12. d3 Bd6 13. e4 dxe4 14. dxe4 Qc7 15. Rad1 e5 16. Rd2 Rad8 17. Rfd1 Bb4 18. a3 Bxc3 19. Bxc3 Nc5 20. Bxe5 Rxd2 21. Rxd2 Qc8 22. Bd6 Ncxe4 23. Bxf8 Nxd2 24. Qxd2 Qxf8 25. Qxa5 Qd6 26. Qa8+ Qf8 27. Qxb7 Qxa3 28. Kh2 Qd6+ 29. g3 Ne4 30. Kg2 f6 31. b4 g5 32. b5 Qc5 33. Qa8+ Kh7 34. Qa2 cxb5 35. cxb5 Qxb5 36. Qc2 Qd5 37. Nd2 Qxd2 38. Qxe4+ Kh6 39. g4 Qd7 40. Qe3 Kh7 41. Qe4+ Kh6 42. Qa8 Kh7 43. Qf8 Qd5+ 44. Kg3 Qe5+ 45. Kg2 Qe4+ 46. Kg3 Qf4+ 47. Kg2 Qe4+ 48. Kg1 Qf3 49. Qf7 Qxh3 50. Qe6 Qf3 51. Kf1 Qf4 52. Kg2 Kg6 53. Qe8+ Kh7 54. Qh5+ Kg8 55. Qe8+ Kh7 56. Qh5+ Kg8 57. Qe8+ Kh7 1/2-1/2


[Site "https://www.chess.com"]

[Event "Titled Tuesday Blitz October 31 Late 2023"]
[White "hristos03"]
[Black "Fernandez, Maria Florencia"]
[BlackFideId "116459"]
[WhiteElo "2431"]
[BlackElo "2331"]
[Result "0-1"]
[Round "10"]
[TimeControl "180+1"]
[Date "2023.10.31"]
[WhiteClock "0:00:00"]
[BlackClock "0:00:53"]
[Board "80"]

1. e4 c5 2. Nf3 d6 3. d4 cxd4 4. Nxd4 Nf6 5. Nc3 g6 6. Be3 Bg7 7. f3 O-O 8. Qd2 Nc6 9. O-O-O d5 10. exd5 Nxd5 11. Nxc6 bxc6 12. Bd4 e5 13. Bc5 Be6 14. Bc4 Re8 15. Ne4 Qc7 16. Kb1 Rad8 17. Qf2 Rd7 18. h4 Red8 19. Ka1 Nf4 20. Rxd7 Qxd7 21. Be2 Bf5 22. g3 Bxe4 23. fxe4 Ne6 24. Be3 Nd4 25. Bxd4 exd4 26. Bd3 c5 27. Qe2 Qd6 28. Rg1 Qe5 29. Qf3 c4 30. Bxc4 d3 31. Qxf7+ Kh8 32. c3 d2 33. Rd1 Qxg3 34. Bb3 Qxh4 35. Qf3 Qe1 0-1


[Site "https://www.chess.com"]

[Event "Titled Tuesday Blitz October 31 Late 2023"]
[White "Pinto, Daniel"]
[Black "Zivic, Dragan"]
[WhiteFideId "3303144"]
[BlackFideId "904740"]
[WhiteElo "2410"]
[BlackElo "2329"]
[Result "1-0"]
[Round "10"]
[TimeControl "180+1"]
[Date "2023.10.31"]
[WhiteClock "0:00:07"]
[BlackClock "0:00:00"]
[Board "81"]

1. c4 Nf6 2. Nc3 c5 3. g3 Nc6 4. Bg2 e5 5. d3 d6 6. Nf3 h6 7. O-O Be7 8. Rb1 O-O 9. a3 a5 10. Ne1 Be6 11. Nd5 Re8 12. Nc2 Bxd5 13. cxd5 Nd4 14. Ne3 a4 15. Nc4 b5 16. Nd2 Bf8 17. e3 Nf5 18. b3 Ne7 19. bxa4 bxa4 20. e4 Qa5 21. Nc4 Qc7 22. Bd2 Nd7 23. Bh3 Reb8 24. Bxd7 Qxd7 25. Nb6 Qh3 26. Nxa8 Rxa8 27. Qf3 f5 28. Rb7 g5 29. Qg2 Qh5 30. f3 Qg6 31. f4 exf4 32. gxf4 g4 33. h3 h5 34. hxg4 hxg4 35. Bc3 Rd8 36. Kf2 fxe4 37. dxe4 Kf7 38. Rh1 Ke8 39. Qh2 Bg7 40. Bxg7 Qxg7 41. Qh8+ 1-0


[Site "https://www.chess.com"]